 Dungeon Crawl Stone Soup version 0.24-a0-284-g9fb9971 (webtiles) character file.

Game seed: 14251966375945888987

186 namelastname112 the Slasher (level 5, -4/45 HPs)
             Began as a Draconian Gladiator on May 6, 2019.
             Killed from afar by an orc (8 damage)
             ... with a puff of flame
             ... on level 3 of the Dungeon.
             The game lasted 00:04:06 (3022 turns).

namelastname112 the Slasher (Draconian Gladiator)   Turns: 3022, Time: 00:04:06

Health: -4/45      AC:  6    Str: 17    XL:     5   Next: 38%
Magic:  5/5        EV: 13    Int:  8    God:
Gold:   200        SH:  0    Dex: 13    Spells: 4/4 levels left

rFire    . . .     SeeInvis .   a - +0 long sword
rCold    . . .     Gourm    .   (no shield)
rNeg     + . .     Faith    .   (armour unavailable)
rPois    .         Spirit   .   b - +0 hat
rElec    .         Reflect  .   (no cloak)
rCorr    .         Harm     .   (no gloves)
MR       .....                  k - +0 pair of boots
Stlth    +.........             (no amulet)
HPRegen  0.15/turn              m - ring of positive energy
MPRegen  0.09/turn              (no ring)

@: no status effects
A: unfitting armour, cold-blooded, AC +5
a: no special abilities


You were on level 3 of the Dungeon.
You were very hungry.

You visited 1 branch of the dungeon, and saw 3 of its levels.

You collected 200 gold pieces.

Inventory:

Hand Weapons
 a - a +0 long sword (weapon)
 t - a +0 blowgun
Missiles
 c - 3 throwing nets (quivered)
 i - 3 curare-tipped needles
Armour
 b - a +0 hat (worn)
 k - a +0 pair of boots (worn)
Jewellery
 m - a ring of positive energy (left hand)
Scrolls
 e - 4 scrolls of remove curse {unknown}
 f - 3 scrolls of teleportation {unknown}
 l - 3 scrolls of amnesia {unknown}
 n - a scroll of fear {unknown}
 o - 2 scrolls of identify {unknown}
 p - a scroll of immolation {unknown}
 q - a scroll of fog {unknown}
 r - a scroll of enchant armour {unknown}
 v - a scroll of magic mapping {unknown}
Potions
 g - a potion of brilliance {unknown}
 h - a potion of might {unknown}
 j - 2 potions of degeneration {unknown}
 s - a potion of haste {unknown}
 u - a potion of heal wounds {unknown}
 w - a potion of lignification {unknown}
Comestibles
 d - 9 rations


   Skills:
 + Level 3.6 Fighting
 * Level 4.8 Long Blades
 - Level 1.7 Throwing
 + Level 3.6 Dodging


You had 4 spell levels left.
You didn't know any spells.
Your spell library was empty.

Dungeon Overview and Level Annotations

Branches:
Dungeon (3/15)

Altars:


Innate Abilities, Weirdness & Mutations

Your plain brown scales are hard. (AC +5)
You cannot fit into any form of body armour.
You are cold-blooded and may be slowed by cold attacks.


Message History

You take 5 damage, and have 15/45 hp!
You closely miss the orc wizard! You tail-slap the orc wizard!
The orc wizard is almost dead!
The orc wizard is no longer moving quickly!
The orc wizard is no longer unusually resistant!
The orc wizard hits you with a +0 dagger!
The orc closely misses you!
You take 1 damage, and have 14/45 hp!
You barely miss the orc wizard!
The orc wizard is almost dead!
The orc wizard points at you and mumbles some strange words!
The magic dart hits you! * * * don't die
* * * The orc zaps a wand!
The puff of flame hits you! * * * don't die
* * * The orc wizard gestures at you while chanting!
The magic dart hits you! * * * don't die
* * * The orc zaps a wand!
The puff of flame hits you!!! rip

###...#.. ....... .......
..... #...# #...# #####
#oo.# #...# #@# ..#.#
###.# #...# #...# ##.##
#.### #.## #.# ##..# #.##
#.#.# #..## .
....##########...####....
....................'....


You could see an orc wizard and an orc.

Vanquished Creatures
  3 gnolls (D:3)
  5 adders
  6 worms
  5 dart slugs
  A leopard gecko (D:1)
  2 orcs (D:3)
  A giant cockroach (D:2)
  9 goblins
  8 hobgoblins
  2 jackals (D:1)
  5 quokkas
  2 ball pythons
  8 bats
  5 frilled lizards
  13 kobolds
  13 rats
88 creatures vanquished.

Notes
Turn   | Place    | Note
-------+----------+-------------------------------------------
     0 | D:1      | namelastname112 the Draconian Gladiator began the quest for
                  | the Orb.
     0 | D:1      | Reached XP level 1. HP: 17/17 MP: 1/1
    76 | D:1      | Reached XP level 2. HP: 11/25 MP: 2/2
   526 | D:1      | Reached XP level 3. HP: 27/30 MP: 3/3
  1130 | D:2      | Reached skill level 4 in Long Blades
  1498 | D:2      | Reached XP level 4. HP: 16/38 MP: 4/4
  2394 | D:3      | Reached XP level 5. HP: 32/45 MP: 5/5
  3022 | D:3      | Killed from afar by an orc

Levels and vault maps discovered:
D:1:      scummos_arrival_simple_fountains, layout_loops_ring
D:2:      layout_basic, minmay_distorted
D:3:      layout_loops_corners

Skill      XL: |  1  2  3 |
---------------+----------+-----
Dodging        | 3 |  3.6
Long Blades    | 4 |  4.8
Fighting       | 3 |  3.6
Throwing       | |  1.7

Action                   |  1- 3 |  4- 6 || total
-------------------------+-------+-------++-------
Melee: Long sword        |   145 |   104 ||   249
       Tailslap          |    19 |    14 ||    33
 Stab: Sleeping          |       |     2 ||     2
  Eat: Chunk             |     2 |     4 ||     6
Armor: Skin              |    36 |    30 ||    66
Dodge: Dodged            |   104 |    76 ||   180
       Rpst.: Long sword |    32 |    26 ||    58

Table legend:
 A = Non-vault XP
 B = Vault XP
 C = Vault XP percentage of total XP
 D = Non-vault monster count
 E = Vault monster count
 F = Vault count percentage of total count
                 A         B        C        D         E       F
            +---------+---------+-------+---------+---------+-------
      Total |     259 |       8 |   3.0 |      84 |       4 |   4.5
            +---------+---------+-------+---------+---------+-------
        D:1 |      60 |       0 |   0.0 |      35 |       0 |   0.0
        D:2 |      70 |       8 |  10.3 |      26 |       4 |  13.3
        D:3 |     129 |       0 |   0.0 |      23 |       0 |   0.0
            +---------+---------+-------+---------+---------+-------
